CAL (WIN)
FREDERICK KEYS @ BREVARD COUNTY MANATEES
12/04/2045
 
TOP OF THE 1ST
Frederick Keys batting - Pitching for Brevard County Manatees : LHP Mike Moffett
Pitching: LHP Mike Moffett
Batting: RHB Mario Luna 0-0: Ball
1-0: Called Strike
1-1: Swinging Strike
1-2: SOLO HOME RUN (Flyball, 78XD, EV 105.6 MPH), Distance : 397 ft
Batting: RHB John Barton 0-0: Foul Ball, location: 2F
0-1: Ball
1-1: Foul Ball, location: 2F
1-2: Foul Ball, location: 2F
1-2: Ball
2-2: Foul Ball, location: 2F
2-2: Ball
3-2: Foul Ball, location: 2F
3-2: Foul Ball, location: 2F
3-2: Strikes out swinging
Batting: RHB J.J. Basil 0-0: Swinging Strike
0-1: Ball
1-1: Swinging Strike
1-2: Foul Ball, location: 2F
1-2: Ball
2-2: Foul Ball, location: 2F
2-2: SOLO HOME RUN (Flyball, 78XD, EV 108.1 MPH), Distance : 430 ft
Batting: RHB Danny Merrill 0-0: Foul Ball, location: 2F
0-1: Ball
1-1: Foul Ball, location: 2F
1-2: Ball
2-2: Foul Ball, location: 2F
2-2: Strikes out swinging
Batting: LHB Adam Oldfield 0-0: Called Strike
0-1: Ground out 6-3 (Groundball, 6, EV 76.2 MPH)
Top of the 1st over - 2 runs, 2 hits, 0 errors, 0 left on base; Frederick 2 - Brevard County 0
BOTTOM OF THE 1ST
Brevard County Manatees batting - Pitching for Frederick Keys : LHP Luis Perez
Pitching: LHP Luis Perez
Batting: LHB Pablo Cardona 0-0: Ball
1-0: Ball
2-0: Called Strike
2-1: Single, Error in OF, E8, batter to second base (Line Drive, 8LS, EV 93.1 MPH)
Batting: RHB Chris Maul 0-0: Called Strike
0-1: Ball
1-1: Ball
2-1: Swinging Strike
2-2: Ground out 4-3 (Groundball, 4M, EV 79.4 MPH)
Pablo Cardona to third
Batting: RHB Ryan Miller 0-0: Ground out 4-3 (Groundball, 4S, EV 65.6 MPH)
Pablo Cardona scores
Batting: SHB Mike Williams 0-0: Ball
1-0: Ball
2-0: Foul Ball, location: 2F
2-1: Called Strike
2-2: Foul Ball, location: 2F
2-2: Ball
3-2: DOUBLE (Line Drive, 89M, EV 95.0 MPH)
Batting: RHB Juan Villanueva 0-0: Ball
1-0: Foul Ball, location: 2F
1-1: Ball
2-1: Foul Ball, location: 2F
2-2: Foul Ball, location: 2F
2-2: Strikes out swinging
Bottom of the 1st over - 1 run, 2 hits, 1 error, 1 left on base; Frederick 2 - Brevard County 1
TOP OF THE 2ND
Frederick Keys batting - Pitching for Brevard County Manatees : LHP Mike Moffett
Batting: RHB Scott Boyd 0-0: Ball
1-0: Ball
2-0: Called Strike
2-1: Ball
3-1: Base on Balls
Batting: RHB Hunter Neumann 0-0: Ball
1-0: Foul Ball, location: 2F
1-1: Foul Ball, location: 2F
1-2: Fielders Choice at 2nd, 6-4 (Groundball, 6M, EV 82.5 MPH)
Batting: RHB Fernando Bravo 0-0: Called Strike
0-1: Ball
1-1: Ball
Wild Pitch!
Hunter Neumann to second
2-1: Ball
3-1: Foul Ball, location: 2F
3-2: Foul Ball, location: 2F
3-2: Strikes out swinging
Batting: SHB Tyler Myatt 0-0: Fly out, F4 (Flyball, 34D, EV 80.6 MPH)
Top of the 2nd over - 0 runs, 0 hits, 0 errors, 1 left on base; Frederick 2 - Brevard County 1
BOTTOM OF THE 2ND
Brevard County Manatees batting - Pitching for Frederick Keys : LHP Luis Perez
Batting: LHB Jason Raker 0-0: Ball
1-0: Foul Ball, location: 2F
1-1: Ground out 6-3 (Groundball, 6, EV 80.6 MPH)
Batting: SHB Robert Sayer 0-0: Foul Ball, location: 2F
0-1: Ball
1-1: Ground out U3 (Groundball, 34, EV 102.5 MPH)
Batting: RHB Jonathan Sarles 0-0: Called Strike
0-1: Ball
1-1: Foul Ball, location: 2F
1-2: Strikes out swinging passed ball, reaches first!
Batting: SHB Craig Wright 0-0: Ball
Jonathan Sarles is caught stealing 2nd base 2-4
Bottom of the 2nd over - 0 runs, 0 hits, 0 errors, 0 left on base; Frederick 2 - Brevard County 1
TOP OF THE 3RD
Frederick Keys batting - Pitching for Brevard County Manatees : LHP Mike Moffett
Batting: RHB Mario Luna 0-0: Called Strike
0-1: Ball
1-1: Ball
2-1: Ball
3-1: Base on Balls
Batting: RHB John Barton 0-0: Called Strike
0-1: Called Strike
Mario Luna is caught stealing 2nd base 2-4
0-2: Ball
1-2: Strikes out swinging, 2-3 out at first.
Batting: RHB J.J. Basil 0-0: Swinging Strike
0-1: Foul Ball, location: 2F
0-2: Ground out 4-3 (Groundball, 6M, EV 107.5 MPH)
Top of the 3rd over - 0 runs, 0 hits, 0 errors, 0 left on base; Frederick 2 - Brevard County 1
BOTTOM OF THE 3RD
Brevard County Manatees batting - Pitching for Frederick Keys : LHP Luis Perez
Batting: SHB Craig Wright 0-0: Called Strike
0-1: Called Strike
0-2: Ball
1-2: Foul Ball, location: 2F
1-2: Ball
2-2: SINGLE (Line Drive, 3D, EV 95.0 MPH)
Batting: LHB Pablo Cardona 0-0: Ball
1-0: Foul Ball, location: 2F
1-1: Foul Ball, location: 2F
1-2: Ball
2-2: Fielders Choice at 2nd, 6-4 (Groundball, 6, EV 89.4 MPH)
Batting: RHB Chris Maul 0-0: DOUBLE (Flyball, 8LXD, EV 111.2 MPH)
Pablo Cardona to third
Runner from 3rd tries for Home, SAFE, no throw by CF
Batting: RHB Ryan Miller 0-0: Ball
1-0: Ball
2-0: Ball
3-0: Called Strike
3-1: Fly out, F8 (Line Drive, 8RS, EV 98.1 MPH)
Batting: SHB Mike Williams 0-0: Foul Ball, location: 2F
0-1: Ball
1-1: Foul Ball, location: 2F
1-2: Ball
2-2: Ball
3-2: Strikes out looking
Bottom of the 3rd over - 1 run, 2 hits, 0 errors, 1 left on base; Frederick 2 - Brevard County 2
TOP OF THE 4TH
Frederick Keys batting - Pitching for Brevard County Manatees : LHP Mike Moffett
Batting: RHB Danny Merrill 0-0: Foul Ball, location: 2F
0-1: SINGLE (Line Drive, 9S, EV 87.5 MPH)
Batting: LHB Adam Oldfield 0-0: Called Strike
0-1: Foul Ball, location: 2F
0-2: Foul Ball, location: 2F
0-2: Ground out 6-3 (Groundball, P, EV 90.6 MPH)
Danny Merrill to second
Batting: RHB Scott Boyd 0-0: Called Strike
0-1: Foul Ball, location: 2F
0-2: Ball
1-2: Strikes out swinging
Batting: RHB Hunter Neumann 0-0: Swinging Strike
0-1: Called Strike
0-2: Ball
Passed Ball!
Danny Merrill to third
1-2: Foul Ball, location: 2F
1-2: Ball
2-2: Strikes out swinging
Top of the 4th over - 0 runs, 1 hit, 0 errors, 1 left on base; Frederick 2 - Brevard County 2
BOTTOM OF THE 4TH
Brevard County Manatees batting - Pitching for Frederick Keys : LHP Luis Perez
Batting: RHB Juan Villanueva 0-0: Called Strike
0-1: Called Strike
0-2: Fly out, F9 (Flyball, 9LD, EV 91.9 MPH)
Batting: LHB Jason Raker 0-0: Foul Ball, location: 2F
0-1: Ball
1-1: Foul Ball, location: 2F
1-2: Strikes out swinging
Batting: SHB Robert Sayer 0-0: Ground out 6-3 (Groundball, 6, EV 81.2 MPH)
Bottom of the 4th over - 0 runs, 0 hits, 0 errors, 0 left on base; Frederick 2 - Brevard County 2
TOP OF THE 5TH
Frederick Keys batting - Pitching for Brevard County Manatees : LHP Mike Moffett
Batting: RHB Fernando Bravo 0-0: Called Strike
0-1: Ground out 5-3 (Groundball, 5L, EV 102.5 MPH)
Pitching: RHP Zachery Waff
Batting: SHB Tyler Myatt 0-0: Ball
1-0: Foul Ball, location: 2F
1-1: Ball
2-1: Foul Ball, location: 2F
2-2: Foul Ball, location: 2F
2-2: Strikes out swinging
Batting: RHB Mario Luna 0-0: Foul Ball, location: 2F
0-1: Called Strike
0-2: Strikes out looking
Top of the 5th over - 0 runs, 0 hits, 0 errors, 0 left on base; Frederick 2 - Brevard County 2
BOTTOM OF THE 5TH
Brevard County Manatees batting - Pitching for Frederick Keys : LHP Luis Perez
Batting: RHB Jonathan Sarles 0-0: Swinging Strike
0-1: Ball
1-1: SINGLE (Line Drive, 7S, EV 89.4 MPH)
Batting: SHB Craig Wright 0-0: Called Strike
0-1: Swinging Strike
0-2: Ball
1-2: Ball
2-2: Fly out, F2 (Popup, 2RF, EV 90.0 MPH)
Batting: LHB Pablo Cardona 0-0: Fly out, F7 (Flyball, 7LS, EV 88.1 MPH)
Batting: RHB Chris Maul 0-0: Ball
1-0: Foul Ball, location: 2F
1-1: Ball
2-1: Foul Ball, location: 2F
2-2: Fielders Choice at 2nd, 6-4 (Groundball, 6, EV 81.2 MPH)
Bottom of the 5th over - 0 runs, 1 hit, 0 errors, 1 left on base; Frederick 2 - Brevard County 2
TOP OF THE 6TH
Frederick Keys batting - Pitching for Brevard County Manatees : RHP Zachery Waff
Batting: RHB John Barton 0-0: Ball
1-0: Ball
2-0: Foul Ball, location: 2F
2-1: Ball
3-1: Called Strike
3-2: Strikes out swinging
Batting: RHB J.J. Basil 0-0: Called Strike
0-1: Ball
1-1: Ball
2-1: Swinging Strike
2-2: Ball
3-2: Strikes out swinging
Batting: RHB Danny Merrill 0-0: Foul Ball, location: 2F
0-1: Foul Ball, location: 2F
0-2: Strikes out looking
Top of the 6th over - 0 runs, 0 hits, 0 errors, 0 left on base; Frederick 2 - Brevard County 2
BOTTOM OF THE 6TH
Brevard County Manatees batting - Pitching for Frederick Keys : LHP Luis Perez
Batting: RHB Ryan Miller 0-0: Ball
1-0: Foul Ball, location: 2F
1-1: Foul Ball, location: 2F
1-2: Foul Ball, location: 2F
1-2: Strikes out swinging
Batting: SHB Mike Williams 0-0: Called Strike
0-1: Foul Ball, location: 2F
0-2: SINGLE (Line Drive, 89S, EV 93.8 MPH)
Batting: RHB Juan Villanueva 0-0: SINGLE (Groundball, 34S, EV 65.6 MPH) (infield hit)
Mike Williams to second
Batting: LHB Jason Raker 0-0: DOUBLE (Line Drive, 89M, EV 110.0 MPH)
Mike Williams scores
Juan Villanueva to third
Batting: SHB Robert Sayer 0-0: Called Strike
0-1: Swinging Strike
0-2: Ball
1-2: Ground out 4-3 (Groundball, 4, EV 101.9 MPH)
Batting: RHB Jonathan Sarles 0-0: Foul Ball, location: 2F
0-1: Ball
1-1: Fly out, F8 (Flyball, 8LM, EV 89.4 MPH)
Bottom of the 6th over - 1 run, 3 hits, 0 errors, 2 left on base; Frederick 2 - Brevard County 3
TOP OF THE 7TH
Frederick Keys batting - Pitching for Brevard County Manatees : RHP Zachery Waff
Batting: LHB Adam Oldfield 0-0: Called Strike
0-1: Ball
1-1: Foul Ball, location: 2F
1-2: Strikes out swinging, 2-3 out at first.
Batting: RHB Scott Boyd 0-0: Called Strike
0-1: Swinging Strike
0-2: Ball
1-2: DOUBLE (Flyball, 78XD, EV 100.0 MPH)
Pinch Hitting: LHB Mike Sloan 0-0: Called Strike
0-1: Foul Ball, location: 2F
0-2: Foul Ball, location: 2F
0-2: Foul Ball, location: 2F
0-2: Strikes out looking
Batting: RHB Fernando Bravo 0-0: Ground out 5-3 (Groundball, 56, EV 102.5 MPH)
Top of the 7th over - 0 runs, 1 hit, 0 errors, 1 left on base; Frederick 2 - Brevard County 3
BOTTOM OF THE 7TH
Brevard County Manatees batting - Pitching for Frederick Keys : LHP Luis Perez
Now in CF: Rodolfo Montes
Now in RF: John Barton
Batting: SHB Craig Wright 0-0: Called Strike
0-1: Called Strike
0-2: Ball
1-2: Ball
2-2: SINGLE (Groundball, 6MD, EV 96.2 MPH)
Pitching: LHP Andy Shearn
Batting: LHB Pablo Cardona 0-0: Ball
1-0: Ball
2-0: Bunt missed!
2-1: Bunted foul
2-2: Foul Ball, location: 2F
2-2: Foul Ball, location: 2F
2-2: Foul Ball, location: 2F
2-2: Foul Ball, location: 2F
2-2: Fly out, F7 (Flyball, 7, EV 93.8 MPH)
Batting: RHB Chris Maul 0-0: Ball
1-0: Ball
2-0: SINGLE (Line Drive, 9LD, EV 104.4 MPH)
Craig Wright to second
Batting: RHB Ryan Miller 0-0: Called Strike
0-1: Ball
1-1: Called Strike
1-2: Ball
2-2: Foul Ball, location: 2F
2-2: Strikes out swinging
Batting: SHB Mike Williams 0-0: Called Strike
0-1: Swinging Strike
0-2: Ball
1-2: Strikes out looking
Bottom of the 7th over - 0 runs, 2 hits, 0 errors, 2 left on base; Frederick 2 - Brevard County 3
TOP OF THE 8TH
Frederick Keys batting - Pitching for Brevard County Manatees : RHP Zachery Waff
Pitching: RHP Eddie Becerra
Now at 1B: Matthew Adams
Batting: SHB Tyler Myatt 0-0: Called Strike
0-1: Foul Ball, location: 2F
0-2: Ball
1-2: Ball
2-2: Strikes out swinging
Batting: RHB Mario Luna 0-0: Ball
1-0: Foul Ball, location: 2F
1-1: Swinging Strike
1-2: Ball
2-2: Foul Ball, location: 2F
2-2: Strikes out swinging
Pinch Hitting: LHB Antonio Cantu 0-0: Ball
1-0: Called Strike
1-1: Foul Ball, location: 2F
1-2: Foul Ball, location: 2F
1-2: Strikes out swinging
Top of the 8th over - 0 runs, 0 hits, 0 errors, 0 left on base; Frederick 2 - Brevard County 3
BOTTOM OF THE 8TH
Brevard County Manatees batting - Pitching for Frederick Keys : LHP Andy Shearn
Now in LF: Antonio Cantu
Now in RF: J.J. Basil
Batting: RHB Juan Villanueva 0-0: DOUBLE (Groundball, 5L, EV 101.2 MPH)
Batting: LHB Jason Raker 0-0: Ball
1-0: Ball
2-0: Ball
3-0: Called Strike
3-1: Swinging Strike
3-2: SINGLE (Line Drive, 7S, EV 95.0 MPH)
Juan Villanueva to third
Batting: SHB Robert Sayer 0-0: Called Strike
0-1: Ball
1-1: Called Strike
1-2: Foul Ball, location: 2F
1-2: Ball
2-2: TRIPLE (Line Drive, 78XD, EV 110.6 MPH)
Juan Villanueva scores
Jason Raker scores
Batting: RHB Jonathan Sarles 0-0: Ground out 5-3 (Groundball, 56, EV 98.8 MPH)
Robert Sayer scores
Pitching: RHP Jose Rico
Batting: SHB Craig Wright 0-0: Ball
1-0: Called Strike
1-1: Swinging Strike
1-2: Strikes out swinging
Batting: LHB Pablo Cardona 0-0: Ball
1-0: Ball
2-0: Ball
3-0: Base on Balls
Batting: RHB Matthew Adams 0-0: Called Strike
Pablo Cardona is caught stealing 2nd base 2-4
Bottom of the 8th over - 3 runs, 3 hits, 0 errors, 0 left on base; Frederick 2 - Brevard County 6
TOP OF THE 9TH
Frederick Keys batting - Pitching for Brevard County Manatees : RHP Eddie Becerra
Batting: RHB J.J. Basil 0-0: Ball
1-0: Ball
2-0: DOUBLE (Flyball, 7LD, EV 101.2 MPH)
Batting: RHB Danny Merrill 0-0: Called Strike
0-1: Ball
Wild Pitch!
J.J. Basil to third
1-1: Ball
Passed Ball!
J.J. Basil scores
2-1: Ball
3-1: Ground out 6-3 (Groundball, 6, EV 90.0 MPH)
Batting: LHB Adam Oldfield 0-0: Ground out 3-1 (Groundball, 34, EV 82.5 MPH)
Batting: RHB Scott Boyd 0-0: Called Strike
0-1: Swinging Strike
0-2: Ball
1-2: Ball
2-2: Ball
3-2: Strikes out swinging
Top of the 9th over - 1 run, 1 hit, 0 errors, 0 left on base; Frederick 3 - Brevard County 6
Wednesday, June 22nd , 2022 - OOTP Baseball 23.4 Build 64